TOP OF THE 1ST |
Santa Fe HS Chiefs batting - Pitching for Brookline HS Warriors : RHP Emílio Cruz
|
Pitching: RHP Emílio Cruz
|
|
Batting: RHB Chris Ledoux
|
0-0: Ball 1-0: Bunt for hit - play at first, batter OUT! 1-3
|
Batting: SHB Greg Ayers
|
0-0: Ball 1-0: Swinging Strike 1-1: Swinging Strike 1-2: Strikes out swinging
|
Batting: SHB Victor Gaines
|
0-0: Called Strike 0-1: Hit by Pitch
|
Batting: RHB Anthony Scott
|
0-0: Reached on error, E6 (Groundball, 56) Victor Gaines to second
|
Batting: LHB Ken Falcon
|
0-0: Called Strike 0-1: Ball 1-1: Foul Ball, location: 2F 1-2: Foul Ball, location: 2F 1-2: Ball 2-2: SINGLE (Groundball, 6) (infield hit) Victor Gaines to third Anthony Scott to second
|
Batting: RHB Ken Walters
|
0-0: Foul Ball, location: 2F 0-1: Fly out, F9 (Flyball, 9)
|
Top of the 1st over - 0 runs, 1 hit, 1 error, 3 left on base; Santa Fe HS 0 - Brookline HS 0 |
BOTTOM OF THE 1ST |
Brookline HS Warriors batting - Pitching for Santa Fe HS Chiefs : RHP Luis Pérez
|
Pitching: RHP Luis Pérez
|
|
Batting: RHB Gilbert Bentley
|
0-0: Ball 1-0: SINGLE (Groundball, 56D)
|
Batting: LHB Earnest Butler
|
0-0: Ball 1-0: Foul Ball, location: 2F 1-1: SINGLE (Flyball, 9LS) Gilbert Bentley to second Runner from 2nd tries for 3rd, SAFE, no throw
|
Batting: RHB Raúl Rivera
|
0-0: Ball 1-0: Ball 2-0: Swinging Strike 2-1: SINGLE (Groundball, 56D) Gilbert Bentley scores Earnest Butler to second
|
Batting: LHB Rich Heath
|
0-0: Ball 1-0: Called Strike 1-1: Called Strike 1-2: Strikes out swinging
|
Batting: RHB Theron Lyon
|
0-0: DOUBLE (Line Drive, 9LD) Earnest Butler scores Raúl Rivera to third Runner from 3rd tries for Home, SAFE, no throw
|
Batting: RHB León Colón
|
0-0: Called Strike 0-1: Foul Ball, location: 2F 0-2: SINGLE (Line Drive, 4MD) Theron Lyon to third
|
Batting: RHB Michael Mossman
|
0-0: Ball 1-0: Ball 2-0: Foul Ball, location: 2F 2-1: Called Strike 2-2: Ball 3-2: Foul Ball, location: 2F 3-2: Base on Balls León Colón to second
|
Batting: RHB John Brown
|
0-0: Called Strike 0-1: Ball 1-1: Ball 2-1: Foul Ball, location: 2F 2-2: Grounds into double play, 3-6-3 (Groundball, 34)
|
Bottom of the 1st over - 3 runs, 5 hits, 0 errors, 2 left on base; Santa Fe HS 0 - Brookline HS 3 |
TOP OF THE 2ND |
Santa Fe HS Chiefs batting - Pitching for Brookline HS Warriors : RHP Emílio Cruz
|
Batting: RHB Stanley Austin
|
0-0: Called Strike 0-1: Foul Ball, location: 2F 0-2: Strikes out swinging
|
Batting: RHB Juan Bannatyne
|
0-0: Called Strike 0-1: Ball 1-1: Foul Ball, location: 2F 1-2: Ball 2-2: Foul Ball, location: 2F 2-2: SINGLE (Groundball, 6D)
|
Batting: RHB George Hill
|
0-0: Ball 1-0: Ball 2-0: Called Strike 2-1: Swinging Strike 2-2: Strikes out swinging
|
Batting: RHB Chris Ledoux
|
0-0: Called Strike 0-1: Ball 1-1: Ball 2-1: Ball 3-1: Base on Balls Juan Bannatyne to second
|
Batting: SHB Greg Ayers
|
0-0: Foul Ball, location: 2F 0-1: Ball 1-1: Swinging Strike 1-2: Strikes out looking
|
Top of the 2nd over - 0 runs, 1 hit, 0 errors, 2 left on base; Santa Fe HS 0 - Brookline HS 3 |
BOTTOM OF THE 2ND |
Brookline HS Warriors batting - Pitching for Santa Fe HS Chiefs : RHP Luis Pérez
|
Batting: RHB Cole Gray
|
0-0: Foul Ball, location: 2F 0-1: Ball 1-1: Ball 2-1: Foul Ball, location: 2F 2-2: SINGLE (Line Drive, 7LS)
|
Batting: RHB Gilbert Bentley
|
0-0: Called Strike 0-1: Foul Ball, location: 2F 0-2: Foul Ball, location: 2F 0-2: Foul Ball, location: 2F 0-2: Ball 1-2: Ball 2-2: Foul Ball, location: 2F 2-2: SINGLE (Line Drive, 4D) Cole Gray to second
|
Batting: LHB Earnest Butler
|
0-0: Called Strike 0-1: Ball 1-1: Ball 2-1: Foul Ball, location: 2F 2-2: Ball 3-2: Foul Ball, location: 2F 3-2: Base on Balls Cole Gray to third Gilbert Bentley to second
|
Batting: RHB Raúl Rivera
|
0-0: Foul Ball, location: 2F 0-1: Called Strike 0-2: Foul Ball, location: 2F 0-2: Ball 1-2: Ball 2-2: Ball 3-2: DOUBLE (Flyball, 89D) Cole Gray scores Gilbert Bentley scores Earnest Butler to third
|
Batting: LHB Rich Heath
|
0-0: SINGLE (Flyball, 89S) Earnest Butler scores Raúl Rivera to third Runner from 3rd tries for Home, SAFE, no throw
|
Batting: RHB Theron Lyon
|
0-0: Called Strike 0-1: Ball 1-1: Ball 2-1: Swinging Strike 2-2: Ball 3-2: Foul Ball, location: 2F 3-2: Strikes out swinging
|
Batting: RHB León Colón
|
0-0: Called Strike 0-1: Swinging Strike 0-2: Ball 1-2: Ball Rich Heath steals 2nd base 2-2: Foul Ball, location: 2F 2-2: Strikes out swinging
|
Batting: RHB Michael Mossman
|
0-0: Ball 1-0: Ball 2-0: Ball 3-0: Base on Balls
|
Batting: RHB John Brown
|
0-0: Called Strike 0-1: Called Strike 0-2: Ball 1-2: Ground out 4-3 (Groundball, 4)
|
Bottom of the 2nd over - 4 runs, 4 hits, 0 errors, 2 left on base; Santa Fe HS 0 - Brookline HS 7 |
TOP OF THE 3RD |
Santa Fe HS Chiefs batting - Pitching for Brookline HS Warriors : RHP Emílio Cruz
|
Batting: SHB Victor Gaines
|
0-0: Foul Ball, location: 2F 0-1: Ball 1-1: Ball 2-1: Swinging Strike 2-2: Foul Ball, location: 2F 2-2: Foul Ball, location: 2F 2-2: DOUBLE (Line Drive, 89S)
|
Batting: RHB Anthony Scott
|
0-0: Foul Ball, location: 2F 0-1: Ball 1-1: Foul Ball, location: 2F 1-2: Foul Ball, location: 2F 1-2: Ball 2-2: Fly out, F9 (Line Drive, 9)
|
Batting: LHB Ken Falcon
|
0-0: Ball 1-0: Foul Ball, location: 2F 1-1: Ball 2-1: Ground out U3 (Groundball, 3) Victor Gaines to third
|
Batting: RHB Ken Walters
|
0-0: Ground out U3 (Groundball, 34)
|
Top of the 3rd over - 0 runs, 1 hit, 0 errors, 1 left on base; Santa Fe HS 0 - Brookline HS 7 |
BOTTOM OF THE 3RD |
Brookline HS Warriors batting - Pitching for Santa Fe HS Chiefs : RHP Luis Pérez
|
Batting: RHB Cole Gray
|
0-0: Ball 1-0: Fly out, F9 (Flyball, 9S)
|
Pitching: RHP Octávio Pinto
|
|
Batting: RHB Gilbert Bentley
|
0-0: Ball 1-0: Swinging Strike 1-1: Ball 2-1: SINGLE (Line Drive, 8LS)
|
Batting: LHB Earnest Butler
|
0-0: Ball 1-0: Foul Ball, location: 2F 1-1: Grounds into double play, 4-6-3 (Groundball, 34)
|
Bottom of the 3rd over - 0 runs, 1 hit, 0 errors, 0 left on base; Santa Fe HS 0 - Brookline HS 7 |
TOP OF THE 4TH |
Santa Fe HS Chiefs batting - Pitching for Brookline HS Warriors : RHP Emílio Cruz
|
Batting: RHB Stanley Austin
|
0-0: Called Strike 0-1: Ball 1-1: Ball 2-1: Swinging Strike 2-2: Foul Ball, location: 2F 2-2: Ball 3-2: Foul Ball, location: 2F 3-2: Foul Ball, location: 2F 3-2: Base on Balls
|
Batting: RHB Juan Bannatyne
|
0-0: Fielders Choice at 2nd, 5-4 (Groundball, 56)
|
Batting: RHB George Hill
|
0-0: Called Strike 0-1: Swinging Strike 0-2: Ball 1-2: SINGLE (Groundball, 34D) Juan Bannatyne to second Runner from 2nd tries for 3rd, SAFE, no throw
|
Batting: RHB Chris Ledoux
|
0-0: Ball 1-0: Ball 2-0: Ball 3-0: Base on Balls George Hill to second
|
Batting: SHB Greg Ayers
|
0-0: Called Strike 0-1: Foul Ball, location: 2F 0-2: Ball 1-2: Ball 2-2: Foul Ball, location: 2F 2-2: Foul Ball, location: 2F 2-2: Strikes out swinging
|
Pitching: LHP Edgardo Sánchez
|
|
Batting: SHB Victor Gaines
|
0-0: Ball 1-0: Ball 2-0: Foul Ball, location: 2F 2-1: Foul Ball, location: 2F 2-2: Fielders Choice at 2nd, 6-4 (Groundball, 56)
|
Top of the 4th over - 0 runs, 1 hit, 0 errors, 3 left on base; Santa Fe HS 0 - Brookline HS 7 |
BOTTOM OF THE 4TH |
Brookline HS Warriors batting - Pitching for Santa Fe HS Chiefs : RHP Octávio Pinto
|
Batting: RHB Raúl Rivera
|
0-0: Called Strike 0-1: Ball 1-1: Ball 2-1: Called Strike 2-2: Foul Ball, location: 2F 2-2: Ball 3-2: Base on Balls
|
Batting: LHB Rich Heath
|
0-0: Called Strike 0-1: Ball 1-1: Swinging Strike 1-2: Foul Ball, location: 2F 1-2: Fly out, F7 (Flyball, 7S)
|
Batting: RHB Theron Lyon
|
0-0: Swinging Strike 0-1: SINGLE (Flyball, 8LS) Raúl Rivera to second
|
Batting: RHB León Colón
|
0-0: Swinging Strike 0-1: Swinging Strike 0-2: Ball 1-2: Ball 2-2: Ball 3-2: Base on Balls Raúl Rivera to third Theron Lyon to second
|
Batting: RHB Michael Mossman
|
0-0: Foul Ball, location: 2F 0-1: SINGLE (Line Drive, 6) Raúl Rivera scores Theron Lyon to third León Colón to second
|
Batting: RHB John Brown
|
0-0: Ball 1-0: Called Strike 1-1: Swinging Strike 1-2: Strikes out swinging
|
Batting: RHB Cole Gray
|
0-0: Ball 1-0: Ball 2-0: Foul Ball, location: 2F 2-1: Foul Ball, location: 2F 2-2: Foul Ball, location: 2F 2-2: Ball 3-2: Strikes out swinging
|
Bottom of the 4th over - 1 run, 2 hits, 0 errors, 3 left on base; Santa Fe HS 0 - Brookline HS 8 |
TOP OF THE 5TH |
Santa Fe HS Chiefs batting - Pitching for Brookline HS Warriors : LHP Edgardo Sánchez
|
Batting: RHB Anthony Scott
|
0-0: Ball 1-0: Swinging Strike 1-1: Foul Ball, location: 2F 1-2: Strikes out looking
|
Batting: LHB Ken Falcon
|
0-0: Ball 1-0: Ground out 4-3 (Groundball, 4)
|
Batting: RHB Ken Walters
|
0-0: Ball 1-0: Ball 2-0: Called Strike 2-1: Swinging Strike 2-2: Strikes out swinging
|
Top of the 5th over - 0 runs, 0 hits, 0 errors, 0 left on base; Santa Fe HS 0 - Brookline HS 8 |
BOTTOM OF THE 5TH |
Brookline HS Warriors batting - Pitching for Santa Fe HS Chiefs : RHP Octávio Pinto
|
Batting: RHB Gilbert Bentley
|
0-0: Ball 1-0: Fly out, F8 (Flyball, 8LS)
|
Batting: LHB Earnest Butler
|
0-0: Foul Ball, location: 2F 0-1: Ball 1-1: Foul Ball, location: 2F 1-2: Fly out, F9 (Flyball, 9S)
|
Batting: RHB Raúl Rivera
|
0-0: Ground out 4-3 (Groundball, 4S)
|
Bottom of the 5th over - 0 runs, 0 hits, 0 errors, 0 left on base; Santa Fe HS 0 - Brookline HS 8 |
TOP OF THE 6TH |
Santa Fe HS Chiefs batting - Pitching for Brookline HS Warriors : LHP Edgardo Sánchez
|
Batting: RHB Stanley Austin
|
0-0: Ball 1-0: Foul Ball, location: 2F 1-1: Ball 2-1: Ball 3-1: SINGLE (Groundball, 6MD)
|
Batting: RHB Juan Bannatyne
|
0-0: Grounds into double play, 5-4-3 (Groundball, 56)
|
Batting: RHB George Hill
|
0-0: Fly out, F6 (Popup, 6MS)
|
Top of the 6th over - 0 runs, 1 hit, 0 errors, 0 left on base; Santa Fe HS 0 - Brookline HS 8 |
BOTTOM OF THE 6TH |
Brookline HS Warriors batting - Pitching for Santa Fe HS Chiefs : RHP Octávio Pinto
|
Batting: LHB Rich Heath
|
0-0: Swinging Strike 0-1: Ball 1-1: Ball 2-1: Ball 3-1: Base on Balls
|
Batting: RHB Theron Lyon
|
0-0: Called Strike 0-1: Swinging Strike 0-2: Foul Ball, location: 2F 0-2: Ball 1-2: Ball Rich Heath is caught stealing 2nd base 2-2: DOUBLE (Flyball, 8RD)
|
Pitching: RHP Cris Soto
|
|
Batting: RHB León Colón
|
0-0: Ground out 6-3 (Groundball, 6)
|
Batting: RHB Michael Mossman
|
0-0: Called Strike 0-1: Ball 1-1: Ball 2-1: DOUBLE (Groundball, 5L) Theron Lyon scores
|
Batting: RHB John Brown
|
0-0: SINGLE (Flyball, 9LS) Michael Mossman to third Runner from 3rd tries for Home, SAFE, no throw
|
Batting: RHB Cole Gray
|
0-0: Called Strike 0-1: Called Strike 0-2: Ground out 5-3 (Groundball, 56)
|
Bottom of the 6th over - 2 runs, 3 hits, 0 errors, 1 left on base; Santa Fe HS 0 - Brookline HS 10 |
TOP OF THE 7TH |
Santa Fe HS Chiefs batting - Pitching for Brookline HS Warriors : LHP Edgardo Sánchez
|
Batting: RHB Chris Ledoux
|
0-0: Ball 1-0: Ball 2-0: Ball 3-0: Base on Balls
|
Batting: SHB Greg Ayers
|
0-0: Called Strike 0-1: Ball 1-1: Called Strike 1-2: Strikes out swinging
|
Batting: SHB Victor Gaines
|
0-0: Swinging Strike 0-1: Ball 1-1: Ball 2-1: Ball 3-1: Foul Ball, location: 2F 3-2: SINGLE (Line Drive, 56) Chris Ledoux to second
|
Batting: RHB Anthony Scott
|
0-0: Ball 1-0: Called Strike 1-1: Ball 2-1: Foul Ball, location: 2F 2-2: Ball 3-2: Base on Balls Chris Ledoux to third Victor Gaines to second
|
Batting: LHB Ken Falcon
|
0-0: Ball 1-0: Ball 2-0: Ball 3-0: Called Strike 3-1: Ground out 5-3 (Groundball, 56S) Chris Ledoux scores Victor Gaines to third Anthony Scott to second
|
Batting: RHB Ken Walters
|
0-0: Ball 1-0: Called Strike 1-1: Foul Ball, location: 2F 1-2: Ball 2-2: Foul Ball, location: 2F 2-2: Ball Wild Pitch! Victor Gaines scores Anthony Scott to third 3-2: Foul Ball, location: 2F 3-2: Foul Ball, location: 2F 3-2: Foul Ball, location: 2F 3-2: Single, Error in OF, E7, batter to second base Anthony Scott scores
|
Batting: RHB Stanley Austin
|
0-0: Foul Ball, location: 2F 0-1: Swinging Strike 0-2: Foul Ball, location: 2F 0-2: Ball 1-2: Foul Ball, location: 2F 1-2: Hit by Pitch
|
Batting: RHB Juan Bannatyne
|
0-0: Ball 1-0: Fly out, F9 (Flyball, 9LM)
|
Top of the 7th over - 3 runs, 2 hits, 1 error, 2 left on base; Santa Fe HS 3 - Brookline HS 10 |
BOTTOM OF THE 7TH |
Brookline HS Warriors batting - Pitching for Santa Fe HS Chiefs : RHP Cris Soto
|
Batting: RHB Gilbert Bentley
|
0-0: Ball 1-0: Ball 2-0: Foul Ball, location: 2F 2-1: Swinging Strike 2-2: Ball 3-2: Ground out 6-3 (Groundball, 6)
|
Batting: LHB Earnest Butler
|
0-0: Ball 1-0: Foul Ball, location: 2F 1-1: Foul Ball, location: 2F 1-2: Ball 2-2: Ball 3-2: Base on Balls
|
Batting: RHB Raúl Rivera
|
0-0: Ball 1-0: Swinging Strike 1-1: Called Strike 1-2: Foul Ball, location: 2F 1-2: Foul Ball, location: 2F 1-2: Strikes out swinging
|
Batting: LHB Rich Heath
|
0-0: Called Strike 0-1: Ball 1-1: Ball 2-1: Ball 3-1: Called Strike 3-2: Strikes out swinging
|
Bottom of the 7th over - 0 runs, 0 hits, 0 errors, 1 left on base; Santa Fe HS 3 - Brookline HS 10 |
TOP OF THE 8TH |
Santa Fe HS Chiefs batting - Pitching for Brookline HS Warriors : LHP Edgardo Sánchez
|
Batting: RHB George Hill
|
0-0: Ball 1-0: Ball 2-0: Ball 3-0: Base on Balls
|
Pitching: RHP Don Hayes
|
|
Batting: RHB Chris Ledoux
|
0-0: Ball 1-0: Fielders Choice at 2nd, 1-4 (Groundball, 15)
|
Batting: SHB Greg Ayers
|
0-0: Ball 1-0: Called Strike 1-1: Foul Ball, location: 2F 1-2: Foul Ball, location: 2F 1-2: Ball 2-2: Ball 3-2: SINGLE (Flyball, 89M) Chris Ledoux to second
|
Batting: SHB Victor Gaines
|
0-0: Fly out, F3 (Popup, 34)
|
Batting: RHB Anthony Scott
|
0-0: Ball 1-0: Fly out, F7 (Flyball, 7S)
|
Top of the 8th over - 0 runs, 1 hit, 0 errors, 2 left on base; Santa Fe HS 3 - Brookline HS 10 |
BOTTOM OF THE 8TH |
Brookline HS Warriors batting - Pitching for Santa Fe HS Chiefs : RHP Cris Soto
|
Batting: RHB Theron Lyon
|
0-0: Called Strike 0-1: Called Strike 0-2: Ball 1-2: Strikes out swinging
|
Batting: RHB León Colón
|
0-0: Fly out, F8 (Flyball, 8RD)
|
Batting: RHB Michael Mossman
|
0-0: Ball 1-0: Ground out 5-3 (Groundball, 5)
|
Bottom of the 8th over - 0 runs, 0 hits, 0 errors, 0 left on base; Santa Fe HS 3 - Brookline HS 10 |
TOP OF THE 9TH |
Santa Fe HS Chiefs batting - Pitching for Brookline HS Warriors : RHP Don Hayes
|
Batting: LHB Ken Falcon
|
0-0: Ball 1-0: Foul Ball, location: 2F 1-1: Swinging Strike 1-2: Foul Ball, location: 2F 1-2: Ball 2-2: Strikes out looking
|
Batting: RHB Ken Walters
|
0-0: Ball 1-0: Ball 2-0: Ball 3-0: Called Strike 3-1: Foul Ball, location: 2F 3-2: Base on Balls
|
Batting: RHB Stanley Austin
|
0-0: Called Strike 0-1: Ball 1-1: Foul Ball, location: 2F 1-2: Strikes out looking
|
Batting: RHB Juan Bannatyne
|
0-0: Ball 1-0: Called Strike 1-1: SINGLE (Line Drive, 6MD) Ken Walters to second
|
Batting: RHB George Hill
|
0-0: Called Strike 0-1: Ball 1-1: Ball 2-1: Swinging Strike 2-2: Foul Ball, location: 2F 2-2: Ball 3-2: Base on Balls Ken Walters to third Juan Bannatyne to second
|
Batting: RHB Chris Ledoux
|
0-0: Ball 1-0: Swinging Strike 1-1: SINGLE (Groundball, 4D) Ken Walters scores Juan Bannatyne to third George Hill to second
|
Batting: SHB Greg Ayers
|
0-0: SINGLE (Flyball, 8LM) Juan Bannatyne scores George Hill to third Chris Ledoux to second
|
Batting: SHB Victor Gaines
|
0-0: Foul Ball, location: 2F 0-1: Swinging Strike 0-2: Fly out, F9 (Flyball, 9LSF)
|
Top of the 9th over - 2 runs, 3 hits, 0 errors, 3 left on base; Santa Fe HS 5 - Brookline HS 10 |
|